 Dungeon Crawl Stone Soup version 0.22.0-76-g6cd1571672 (webtiles) character file.

354 JedernureinKreuz the Conjurer (level 6, 0/44 HPs)
             Began as a Gnoll Conjurer on Sept 15, 2018.
             Killed by divine providence
             ... invoked by an orc priest
              (16 damage)
             ... on level 6 of the Dungeon.
             The game lasted 00:19:36 (3893 turns).

JedernureinKreuz the Conjurer (Gnoll Conjurer)      Turns: 3893, Time: 00:19:37

Health: 0/44       AC:  8    Str: 10    XL:     6   Next: 62%
Magic:  8/14       EV: 14    Int: 19    God:
Gold:   238        SH:  0    Dex: 16    Spells: 14/15 levels left

rFire    . . .     SeeInvis .   b - +1 dagger
rCold    . . .     Gourm    .   (no shield)
rNeg     . . .     Faith    .   j - +0 leather armour
rPois    .         Spirit   .   r - +0 helmet
rElec    .         Reflect  .   v - +1 cloak
rCorr    .         Harm     .   (no gloves)
MR       .....                  m - +1 pair of boots {run}
Stlth    ++........             (no amulet)
HPRegen  0.14/turn              (no ring)
MPRegen  0.14/turn              (no ring)

@: very slightly contaminated, drained, quick
A: distributed training, fangs 1, strong nose
a: no special abilities


You were on level 6 of the Dungeon.
You were hungry.

You visited 1 branch of the dungeon, and saw 5 of its levels.

You collected 238 gold pieces.

Inventory:

Hand Weapons
 a - a +1 spear of freezing
 b - a +1 dagger (weapon)
 d - a +0 club
 B - a +0 shortbow
 I - a +2 dagger of draining
Missiles
 f - 40 bolts
 i - 122 stones (quivered)
 p - 69 arrows
 x - 2 needles of sleeping
 y - 5 javelins
Armour
 j - a +0 leather armour (worn)
 m - a +1 pair of boots of running (worn)
 r - a +0 helmet (worn)
 v - a +1 cloak (worn)
 z - a +0 robe
 A - a scarf of cloud immunity
Jewellery
 n - an uncursed ring of flight {unknown}
Wands
 F - a wand of flame (25)
Scrolls
 k - 4 scrolls of identify
 s - a scroll of magic mapping {unknown}
 u - a scroll of immolation {unknown}
 w - a scroll of fear {unknown}
 C - 2 scrolls of amnesia {unknown}
 D - a scroll of enchant armour {unknown}
 H - a scroll of fog {unknown}
 K - a scroll of teleportation
Potions
 e - 2 potions of mutation
 g - a potion of heal wounds {unknown}
 h - a potion of magic {unknown}
 l - 3 potions of curing {unknown}
 o - a potion of degeneration {unknown}
 q - 2 potions of cancellation {unknown}
 t - a potion of might {unknown}
 E - a potion of brilliance {unknown}
 J - a potion of haste {unknown}
Comestibles
 c - 10 rations


   Skills:
 + Level 2.0(1.3) Fighting
 + Level 2.0(1.3) Short Blades
 + Level 2.0(1.3) Long Blades
 + Level 2.0(1.3) Axes
 + Level 2.0(1.3) Maces & Flails
 + Level 2.0(1.3) Polearms
 + Level 2.0(1.3) Staves
 + Level 2.0(1.3) Slings
 + Level 2.0(1.3) Bows
 + Level 2.0(1.3) Crossbows
 + Level 2.0(1.3) Throwing
 + Level 2.0(1.3) Armour
 + Level 5.0(4.2) Dodging
 + Level 4.6(3.8) Stealth
 + Level 2.0(1.3) Shields
 + Level 2.0(1.3) Unarmed Combat
 + Level 5.4(4.5) Spellcasting
 + Level 7.3(6.4) Conjurations
 + Level 1.6(0.8) Hexes
 + Level 1.6(0.8) Charms
 + Level 1.6(0.8) Summonings
 + Level 1.6(0.8) Necromancy
 + Level 1.6(0.8) Translocations
 + Level 1.6(0.8) Transmutations
 + Level 1.6(0.8) Fire Magic
 + Level 1.6(0.8) Ice Magic
 + Level 1.6(0.8) Air Magic
 + Level 1.6(0.8) Earth Magic
 + Level 1.6(0.8) Poison Magic
 + Level 2.2(1.5) Invocations
 + Level 2.0(1.3) Evocations


You had 14 spell levels left.
You knew the following spells:

 Your Spells              Type           Power        Failure   Level  Hunger
a - Magic Dart            Conj           ####         1%          1    None

Your spell library contained the following spells:

 Spells                   Type           Power        Failure   Level  Hunger
 Searing Ray              Conj           ####..       1%          2    #......
 Conjure Flame            Conj/Fire      ###.....     12%         3    ###....
 Dazzling Spray           Conj/Hex       ###...       12%         3    ###....
 Iskenderun's Mystic Bla  Conj           ####....     12%         4    ####...
 Mephitic Cloud           Conj/Pois/Air  ##......     17%         3    ###....
 Blink                    Tloc           N/A          19%         2    #......
 Call Imp                 Summ           #.......     19%         2    #......
 Slow                     Hex            #.......     19%         2    #......
 Force Lance              Conj/Tloc      ###.....     36%         4    ####...
 Fulminant Prism          Conj/Hex       ###.......   36%         4    ####...


Dungeon Overview and Level Annotations

Branches:
Dungeon (4/15)
 Temple: D:4-7

Altars:
Ashenzari
Uskayaw
Vehumet


Innate Abilities, Weirdness & Mutations

Your experience applies equally to all skills.
You have very sharp teeth.
Your uncanny sense of smell can sniff out nearby items.


Message History

The magic dart hits something.
You hear some strange, mumbled words.
Something tries to affect you, but you resist.
Casting: Magic Dart (safe; 1% risk of failure)
Confirm with . or Enter, or press ? or * to list all spells.
Aiming: Magic Dart (safe; 1% risk of failure)
Press: ? - help, Shift-Dir - straight line, f/p - orc priest
Aim: an orc priest, wielding a hand axe of pain (moderately wounded)
The magic dart hits something.
Something hits you but does no damage.
Casting: Magic Dart (safe; 1% risk of failure)
Confirm with . or Enter, or press ? or * to list all spells.
Aiming: Magic Dart (safe; 1% risk of failure)
Press: ? - help, Shift-Dir - straight line, f/p - orc priest
Aim: an orc priest, wielding a hand axe of pain (moderately wounded)
The magic dart hits something.
Reactivating autopickup.
You feel a bit more experienced.
The orc priest calls down the wrath of Beogh upon you.
Beogh smites you!
You die...

#....)...#
#......).###
#.?.o{......
#........#
#........#
#.......o#
########.#
#.#### ∆
#o)@.#
####....>#
######


You could see an orc priest.

Vanquished Creatures
  A centaur (D:3)
  2 orc wizards
  Robin (D:1)
  6 gnolls (D:3)
  7 adders
  An ooze (D:2)
  2 worms
  A dart slug (D:1)
  3 leopard geckos
  7 orcs
  2 giant cockroaches (D:2)
  12 goblins
  9 hobgoblins
  6 jackals
  A ball python (D:3)
  10 bats
  8 frilled lizards
  5 kobolds
  5 rats
89 creatures vanquished.

Notes
Turn   | Place    | Note
-------+----------+-------------------------------------------
     0 | D:1      | JedernureinKreuz the Gnoll Conjurer began the quest for the
                  | Orb.
     0 | D:1      | Reached XP level 1. HP: 13/13 MP: 6/6
   389 | D:1      | Reached XP level 2. HP: 10/19 MP: 7/7
   501 | D:1      | Identified a +1 pair of boots of running (You found it on
                  | level 1 of the Dungeon)
  1156 | D:2      | Noticed Robin
  1427 | D:1      | Reached XP level 3. HP: 15/25 MP: 7/9
  1431 | D:1      | Killed Robin
  1431 | D:1      | Reached skill level 5 in Spellcasting
  1673 | D:2      | Reached skill level 1 in Invocations
  1826 | D:2      | Reached skill level 1 in Fighting
  1826 | D:2      | Reached skill level 1 in Short Blades
  1826 | D:2      | Reached skill level 1 in Long Blades
  1826 | D:2      | Reached skill level 1 in Axes
  1826 | D:2      | Reached skill level 1 in Maces & Flails
  1826 | D:2      | Reached skill level 1 in Polearms
  1826 | D:2      | Reached skill level 1 in Staves
  1826 | D:2      | Reached skill level 1 in Slings
  1826 | D:2      | Reached skill level 1 in Bows
  1826 | D:2      | Reached skill level 1 in Crossbows
  1826 | D:2      | Reached skill level 1 in Throwing
  1826 | D:2      | Reached skill level 1 in Armour
  1826 | D:2      | Reached skill level 1 in Shields
  1826 | D:2      | Reached skill level 1 in Unarmed Combat
  1826 | D:2      | Reached skill level 1 in Evocations
  1826 | D:2      | Reached XP level 4. HP: 29/32 MP: 0/11
  2156 | D:2      | Reached skill level 1 in Hexes
  2156 | D:2      | Reached skill level 1 in Charms
  2156 | D:2      | Reached skill level 1 in Summonings
  2156 | D:2      | Reached skill level 1 in Necromancy
  2156 | D:2      | Reached skill level 1 in Translocations
  2156 | D:2      | Reached skill level 1 in Transmutations
  2156 | D:2      | Reached skill level 1 in Fire Magic
  2156 | D:2      | Reached skill level 1 in Ice Magic
  2156 | D:2      | Reached skill level 1 in Air Magic
  2156 | D:2      | Reached skill level 1 in Earth Magic
  2156 | D:2      | Reached skill level 1 in Poison Magic
  2255 | D:2      | Found a shattered altar of Ashenzari.
  2255 | D:2      | Found a hide-covered altar of Uskayaw.
  2476 | D:3      | Reached XP level 5. HP: 37/37 MP: 4/12
  2666 | D:3      | Found a shattered altar of Ashenzari.
  2765 | D:3      | Noticed a centaur
  2774 | D:3      | Killed a centaur
  2774 | D:3      | Reached XP level 6. HP: 32/44 MP: 8/13
  3170 | D:4      | Found a radiant altar of Vehumet.
  3515 | D:4      | Reached skill level 5 in Dodging
  3866 | D:4      | You fall through a shaft for 2 floors!
  3893 | D:6      | Killed from afar by an orc priest

Skill      XL: |  1  2  3  4  5  6 |
---------------+-------------------+-----
Spellcasting   | 5 |  5.4
Invocations    | 1 2 |  2.2
Fighting       | 1 2 |  2.0
Short Blades   | 1 2 |  2.0
Long Blades    | 1 2 |  2.0
Axes           | 1 2 |  2.0
Maces & Flails | 1 2 |  2.0
Polearms       | 1 2 |  2.0
Staves         | 1 2 |  2.0
Slings         | 1 2 |  2.0
Bows           | 1 2 |  2.0
Crossbows      | 1 2 |  2.0
Throwing       | 1 2 |  2.0
Armour         | 1 2 |  2.0
Shields        | 1 2 |  2.0
Unarmed Combat | 1 2 |  2.0
Evocations     | 1 2 |  2.0
Hexes          | 1 |  1.6
Charms         | 1 |  1.6
Summonings     | 1 |  1.6
Necromancy     | 1 |  1.6
Translocations | 1 |  1.6
Transmutations | 1 |  1.6
Fire Magic     | 1 |  1.6
Ice Magic      | 1 |  1.6
Air Magic      | 1 |  1.6
Earth Magic    | 1 |  1.6
Poison Magic   | 1 |  1.6
Dodging        | 5 |  5.0
Stealth        | |  4.6
Conjurations   | |  7.3

Action                   |  1- 3 |  4- 6 || total
-------------------------+-------+-------++-------
Melee: Dagger            |    55 |   120 ||   175
       Bite              |     3 |    13 ||    16
       Punch             |       |     1 ||     1
 Cast: Magic Dart        |    47 |   110 ||   157
  Use: Scroll            |     4 |       ||     4
 Stab: Sleeping          |     3 |     2 ||     5
  Eat: Chunk             |     3 |     5 ||     8
Armor: Robe              |    12 |       ||    12
       Leather armour    |     6 |    49 ||    55
Dodge: Dodged            |    69 |    92 ||   161
